 Dungeon Crawl Stone Soup version 0.30-b1-2-g02819fbbbe (webtiles) character file.

Game seed: 18128816084237256361

2706 LLlMATKO the Fighter (level 9, -5/82 HPs)
             Began as a Minotaur Berserker on Sept 18, 2023.
             Was an Elder of Trog.
             Slain by a vampire (10 damage)
             ... on level 6 of the Dungeon.
             The game lasted 00:04:35 (4278 turns).

LLlMATKO the Fighter (Minotaur Berserker)           Turns: 4278, Time: 00:04:36

Health: -5/82      AC: 10    Str: 27    XL:     9   Next: 39%
Magic:  8/8        EV: 12    Int:  4    God:    Trog [****..]
Gold:   1259       SH:  0    Dex:  9    Spells: 8/8 levels left

rFire   . . .        h - +0 war axe
rCold   . . .        (no shield)
rNeg    . . .        B - +1 scale mail
rPois   .            (helmet restricted)
rElec   .            o - +0 cloak
rCorr   +            (no gloves)
SInv    .            (no boots)
Will    .....        (no amulet) Stlth
                     t - ring of resist corrosion
HPRegen 0.33/turn    (no ring)
MPRegen 0.11/turn

%: no passive effects
@: on berserk cooldown, slowed, very slow
A: horns 2, retaliatory headbutt
a: Renounce Religion, Berserk, Trog's Hand, Brothers in Arms


You were on level 6 of the Dungeon.
You worshipped Trog.
Trog was greatly pleased with you.
You visited 1 branch of the dungeon, and saw 6 of its levels.

You collected 1259 gold pieces.

Inventory:

Hand Weapons
 a - a +0 hand axe
 h - a +0 war axe (weapon)
 y - a +0 war axe
Missiles
 b - 5 poisoned darts (quivered)
 v - a throwing net
Armour
 o - a +0 cloak (worn)
 B - a +1 scale mail (worn)
Jewellery
 t - a ring of resist corrosion (left hand)
Wands
 q - a wand of acid (7)
 w - a wand of polymorph (4)
 x - a wand of charming (10)
Scrolls
 k - 3 scrolls of identify
Potions
 d - 2 potions of curing {unknown}
 e - a potion of brilliance {unknown}
 j - a potion of cancellation {unknown}
 n - 2 potions of magic {unknown}
 s - 2 potions of heal wounds {unknown}
 u - a potion of ambrosia {unknown}
 A - a potion of haste {unknown}


   Skills:
 + Level 8.6 Fighting
 + Level 8.6 Axes
 + Level 8.1 Armour
 + Level 7.3 Dodging


You had 8 spell levels left.
You didn't know any spells.
Your spell library was empty.

Dungeon Overview and Level Annotations

Branches:
Dungeon (6/15)
 Temple: D:4-7

Altars:
Hepliaklqana
Wu Jian


Innate Abilities, Weirdness & Mutations

You have a pair of horns on your head.
You reflexively headbutt those who attack you in melee.


Message History

The iguana closely misses you. x2
You slash the iguana!
The iguana is severely wounded.
The iguana misses you.
You hit the iguana. Your headbutt misses the iguana.
The iguana is almost dead.
The iguana closely misses you. The iguana bites you.
You hit the iguana.
You kill the iguana!
Trog accepts your kill.
You hit the vampire. The vampire barely misses you. x2
The vampire closely misses you. You furiously retaliate!
You headbutt the vampire!
The vampire bites you but does no damage.
An ice beast comes into view.
You hit the vampire. Your headbutt misses the vampire.
The vampire is heavily damaged.
The vampire draws life force from you!
The vampire is healed by the life force!
You closely miss the vampire.
The vampire is moderately damaged.
The vampire mumbles some strange words.
The vampire flickers and vanishes!
Deactivating autopickup; reactivate with Ctrl-A.
Something hits you!
* * * LOW HITPOINT WARNING * * *
Something bites you.
* * * LOW HITPOINT WARNING * * *
Something draws strength from your injuries!
You closely miss something. You headbutt something!
You hit the ice beast but do no damage. Something completely misses you.
Something bites you!
* * * LOW HITPOINT WARNING * * *
Something draws strength from your injuries!
The ice beast closely misses you.
Unknown command.
You closely miss something. You headbutt something.
You closely miss the ice beast. The ice beast misses you.
Something hits you but does no damage. Something bites you!
You die...

.##.....# #≈#
#........#######≈§####
####.###†.)..)........
......######...#####
.)##.##. #†).# . #!
####)).##### #.
#........... ..
#.#..{#...#.
#......#@#...#$#
......Y#...#...
....... .......
.#.#.#. .#...#. #....#
#...#.# ##. . . #... #
.. .. ... .# #. #.


You could see an ice beast.

Vanquished Creatures
  Pikel (D:5)
  A wraith (D:6)
  A sky beast (D:5)
  2 ice beasts (D:6)
  4 black bears
  3 ogres
  3 lemures (D:5)
  4 scorpions
  3 killer bees (D:6)
  A howler monkey (D:6)
  A jelly (D:5)
  Crazy Yiuf (D:2)
  A gnoll bouda (D:5)
  4 hounds
  A sleepcap (D:6)
  6 iguanas
  5 orc wizards
  13 gnolls
  7 adders
  A shadow imp (D:5)
  3 white imps
  2 ufetubi
  3 worms
  5 dart slugs
  16 orcs
  8 endoplasms
  7 hobgoblins
  3 jackals (D:3)
  9 kobolds
  4 quokkas
  5 ball pythons
  2 bats (D:1)
  7 frilled lizards
  4 goblins
  4 rats
145 creatures vanquished.

Notes
Turn   | Place    | Note
-------+----------+-------------------------------------------
     0 | D:1      | LLlMATKO the Minotaur Berserker began the quest for the
                  | Orb.
     0 | D:1      | Reached XP level 1. HP: 19/19 MP: 0/0
   119 | D:1      | Reached XP level 2. HP: 26/27 MP: 1/1
   343 | D:1      | Reached XP level 3. HP: 33/33 MP: 2/2
   963 | D:2      | Identified the +10 spear of Arrival {antimagic, rElec}
  1051 | D:2      | Reached ** piety under Trog
  1251 | D:2      | Found an ornate altar of the Wu Jian Council.
  1453 | D:2      | Found a runed translucent door.
  1454 | D:2      | Noticed Crazy Yiuf
  1551 | D:2      | Killed Crazy Yiuf
  1552 | D:2      | Reached XP level 4. HP: 41/41 MP: 3/3
  1774 | D:3      | Noticed a black bear
  1780 | D:3      | Killed a black bear
  1781 | D:3      | Reached XP level 5. HP: 47/47 MP: 4/4
  1818 | D:3      | Found a hazy altar of Hepliaklqana.
  1831 | D:3      | Reached skill level 5 in Fighting
  1951 | D:3      | Reached skill level 5 in Axes
  2390 | D:4      | Reached XP level 6. HP: 56/56 MP: 5/5
  2808 | D:4      | Reached *** piety under Trog
  2843 | D:4      | Reached skill level 5 in Armour
  2843 | D:4      | Reached XP level 7. HP: 62/62 MP: 6/6
  3047 | D:5      | Entered Level 5 of the Dungeon
  3059 | D:5      | Noticed Pikel
  3070 | D:5      | Killed Pikel
  3071 | D:5      | Reached skill level 5 in Dodging
  3071 | D:5      | Reached XP level 8. HP: 65/71 MP: 7/7
  3916 | D:5      | Found an ornate altar of the Wu Jian Council.
  4155 | D:6      | Identified a scroll of acquirement
  4155 | D:6      | Acquired 1001 gold pieces
  4175 | D:6      | Reached **** piety under Trog
  4207 | D:6      | Reached XP level 9. HP: 70/81 MP: 8/8
  4277 | D:6      | HP: 4/82 [something (10)]
  4278 | D:6      | Slain by a vampire

Illustrated notes

Levels and vault maps discovered:
D:1:      nzn_arrival_settlement, layout_loops_ring
D:2:      layout_loops_cross, basic_altar, uniq_crazy_yiuf_cottage
D:3:      layout_rooms, lemuel_doored_altar, minmay_misc_feat_x,
          patterned_corridor
D:4:      layout_basic
D:5:      layout_cave_pools, nicolae_wu_jian_immortal_techniques, uniq_pikel
D:6:      cheibrodos_fzero, layout_loops_cross, lightli_temple_of_fire,
          nicolae_ossuary_entry_monument, hangedman_decor_growths,
          nicolae_nh_oracle_at_delphi

Skill      XL: |  1  2  3  4  5  6  7  8  9 |
---------------+----------------------------+-----
Axes           | 4 5 6 8 |  8.6
Fighting       | 4 5 6 8 |  8.6
Armour         | 3 4 5 7 8 |  8.1
Dodging        | 3 4 5 6 7 |  7.3

Action                     |  1- 3 |  4- 6 |  7- 9 || total
---------------------------+-------+-------+-------++-------
  Melee: Hand axe          |    42 |       |       ||    42
         Headbutt          |     9 |    18 |    23 ||    50
         War axe           |    24 |    83 |   140 ||   247
 Invoke: Berserk           |     1 |     2 |     5 ||     8
    Use: Scroll            |       |       |     8 ||     8
 Armour: Animal skin       |    13 |       |       ||    13
         Ring mail         |     6 |    25 |    33 ||    64
         Scale mail        |       |       |    35 ||    35
  Dodge: Dodged            |    43 |    52 |    88 ||   183
